 Dungeon Crawl Stone Soup version 0.16-a0-1009-g0339a9e (webtiles) character file.

162696 JacquesDerrida the Warrior (level 17, -2/99 HPs)
             Began as a Vine Stalker Wanderer on Oct 3, 2014.
             Was the Champion of Ashenzari.
             Shot with an arrow of frost by a naga sharpshooter (11 damage)
             ... on Level 5 of the Snake Pit.
             The game lasted 02:19:09 (19375 turns).

JacquesDerrida the Warrior (Vine Stalker Wanderer) Turns: 19375, Time: 02:19:09

HP  -2/99        AC 10     Str 12      XL: 17   Next: 81%
MP   0/34        EV 37     Int 15      God: Ashenzari [******]
Gold 1516        SH  0     Dex 26      Spells:  1 memorised, 31 levels left

rFire  + . .     SeeInvis +     D - +1 dire flail (elec) (curse)
rCold  + . .     Clarity  +     i - +3 leather armour {rF+} (curse)
rNeg   . . .     rCorr    .     (no shield)
rPois  +         rRot     +     e - +0 hat {rC+} (curse)
rElec  .         Spirit   +     u - +1 cloak {MR+} (curse)
SustAb .         Warding  .     j - +0 pair of gloves (curse)
rMut   .         Stasis   .     V - +0 pair of boots (curse)
Gourm  .                        Z - amulet of rage
MR     +++..                    d - ring of stealth
                                C - ring of poison resistance

@: agile, constricted, extremely resistant to hostile enchantments, very
stealthy
A: fangs 3, horns 2, regeneration 3, magic shield, antimagic bite, no device
heal 3, rot immunity, placid magic 1
a: Scrying, Transfer Knowledge, Renounce Religion, Evoke Berserk Rage


You were on level 5 of the Snake Pit.
You worshipped Ashenzari.
Ashenzari was exalted by your worship.
You were not hungry.

You visited 5 branches of the dungeon, and saw 33 of its levels.
You also visited: Labyrinth, Bailey and Ice Cave.

You collected 3085 gold pieces.
You spent 1569 gold pieces at shops.

Inventory:

Hand weapons
 D - a cursed +1 dire flail of electrocution (weapon)
Missiles
 z - 3 throwing nets (quivered)
Armour
 e - a cursed +0 hat of cold resistance (worn)
 i - a cursed +3 leather armour of fire resistance (worn)
 j - a cursed +0 pair of gloves (worn)
 k - a +0 shield of cold resistance
 u - a cursed +1 cloak of magic resistance (worn)
 V - a cursed +0 pair of boots (worn)
Magical devices
 b - a wand of paralysis (5)
 r - a wand of digging (1)
 B - a wand of frost (5)
 J - a wand of fire (0)
 N - a wand of cold (0)
 Q - a wand of fire (2)
Comestibles
 c - 2 rotting chunks of naga flesh
 f - 11 bread rations
 h - 7 beef jerkies
 p - 33 fruits
 s - 13 meat rations
 L - 16 royal jellies
Scrolls
 l - 4 scrolls of magic mapping
 m - 4 scrolls of curse armour
 o - 5 scrolls of remove curse
 v - 6 scrolls of enchant armour
 y - 5 scrolls of fog
 F - a scroll of blinking
 K - 3 scrolls of brand weapon
 M - 5 scrolls of identify
 O - 5 scrolls of curse jewellery
 T - 3 scrolls of teleportation
 X - 7 scrolls of recharging
Jewellery
 d - a ring of stealth (right hand)
 C - a ring of poison resistance (left hand)
 U - a cursed ring of protection from cold
 Y - a +3 ring of protection
 Z - an amulet of rage (around neck)
Potions
 g - 5 potions of curing
 n - a potion of invisibility
 t - 4 potions of magic
 w - 4 potions of haste
 A - 3 potions of restore abilities
 E - 3 potions of agility
 G - a potion of might
 P - a potion of resistance
Books
 q - a book of the Sky

   Spells                             Type                      Level
   *Flight                            Charms/Air                   3
   Airstrike                          Air                          4
   Silence                            Hexes/Air                    5
   Deflect Missiles                   Charms/Air                   6
   Conjure Ball Lightning             Conjuration/Air              6
   Tornado                            Air                          9
Miscellaneous
 a - a stone of tremors (inert)
 I - a fan of gales


   Skills:
 - Level 15.4 Fighting
   Level 1.0 Long Blades
 - Level 14.4(19.7) Maces & Flails
 - Level 1.0 Armour
 - Level 14.1(18.1) Dodging
 - Level 3.6(7.7) Stealth
 + Level 9.0 Spellcasting
 + Level 9.1 Charms
 - Level 5.3 Evocations


You had 31 spell levels left.
You knew the following spells:

 Your Spells              Type           Power        Failure   Level  Hunger
a - Flight                Chrm/Air       ##........   2%          3    ##.....


Dungeon Overview and Level Annotations

Branches:
Dungeon (15/15)            Temple (1/1) D:6             Orc (4/4) D:11
    Elf (0/3) Orc:4          Lair (8/8) D:9           Snake (5/5) Lair:6
  Slime (0/6) Lair:8       Vaults (0/5) D:13         Depths (0/5) D:15
  Swamp: Lair:3-6    Shoals: Lair:3-6

Altars:
Ashenzari
Cheibriados
Elyvilon
Fedhas
Gozag
Kikubaaqudgha
Nemelex Xobeh
Okawaru
Qazlal
Sif Muna
Trog
Vehumet
Xom
Yredelemnul
Zin
The Shining One

Shops:
D:5 *   D:8 }   D:9 ?   D:15 ?   Orc:4 ![}(

Portals:
Trove: D:10 (give wand of heal wounds (8))

Annotations:
Lair:1 exclusion: 2 oklob plants
Lair:4 Rupert
Lair:6 1 exclusion
Snake:2 Aizul
Snake:4 Vashnia


Innate Abilities, Weirdness & Mutations

You have razor-sharp teeth.
You regenerate.
When hurt, damage is shared between your health and your magic reserves.
Your bite disrupts and absorbs the magic of your enemies.
Potions and wands cannot restore your health.
You are immune to rotting.
You have a pair of horns on your head.
Your spells are a little easier to cast, but a little less powerful.


Message History

You drain its magic.
You feel invigorated.
The guardian serpent is heavily wounded.
The naga sharpshooter gestures wildly while chanting.
The naga sharpshooter magically shoots an arrow of frost.
The arrow of frost hits you!!
* * * LOW HITPOINT WARNING * * *
The arrow of frost freezes you.
* * * LOW HITPOINT WARNING * * *
The guardian serpent completely misses you.
Your attempt to break free from the greater naga fails, but you feel that another attempt might succeed.
The greater naga points at you and mumbles some strange words.
The bolt of poison misses you.
The bolt of poison hits the guardian serpent.
* * * LOW HITPOINT WARNING * * *
The greater naga constricts you.
The guardian serpent completely misses you.
The naga sharpshooter casts a spell.
The naga sharpshooter magically shoots an arrow of frost.
The arrow of frost hits you!
You die...

####.()...### ##.......#
#........# #...)#...#
#...(.()#, ##### ###.....#
##...## #...[.##
##.§)S)#### #(..#...
#..###@N..## #####..( #..#
##N(..## #...... #≈..#*
###(..# #.#.#.. **#≈≈.≈
##)).## ##.#... * {N≈≈.≈≈
#.#.#.# ##.#.# *
N....≈≈≈≈##...## ######.#
.≈≈{≈.."≈≈≈#.#.####..)###.
**
≈≈≈≈≈≈.≈≈##....##)###)###
*, ≈≈≈≈ ##.....##)..%.###


You could see a greater naga, a naga sharpshooter and a guardian serpent.

Vanquished Creatures
  A fire giant (D:14)
  3 greater nagas (Snake:5)
  A large abomination (D:13)
  Josephine (D:13)
  A fire dragon (D:14)
  A minotaur (Lab)
  Fannar (Lair:7)
  4 hydras
  Harold (D:15)
  12 naga warriors
  Nessos (D:11)
  Erica (D:10)
  8 anacondas
  An ogre mage (D:15)
  12 centaur warriors
  23 death yaks
  6 naga sharpshooters
  Urug (D:13)
  3 orc high priests (Orc:4)
  3 shock serpents
  A tengu warrior (D:13)
  A salamander mystic (Snake:3)
  7 skeletal warriors
  A deep elf knight (D:13)
  11 sea snakes
  3 catoblepae (Lair:8)
  4 naga ritualists
  Erolcha (D:13)
  2 unseen horrors
  An ice statue (IceCv)
  5 hill giants
  A lindwurm (Lair:8)
  A flayed ghost (D:15)
  3 orc sorcerers (Orc:4)
  8 mana vipers
  A necromancer (D:15)
  6 ugly things
  9 orc knights
  An ugly thing zombie (D:15)
  A manticore (D:14)
  2 deep elf conjurers (D:12)
  2 cyclopes
  A griffon (D:13)
  4 salamanders
  7 guardian serpents
  Maurice (D:11)
  2 centaur zombies (D:13)
  23 black mambas
  7 naga magi
  A torpor snail (Lair:4)
  An orange demon (Orc:4)
  The ghost of patnam the Spear-Bearer, an experienced NaGl of Okawaru (Lair:1)
  10 spiny frogs
  Psyche (Orc:2)
  13 komodo dragons
  5 yaktaurs (D:15)
  2 deep elf priests (D:13)
  2 fire drakes
  A kobold demonologist (D:13)
  A queen bee (Orc:1)
  7 trolls
  A wandering mushroom (Lair:4)
  13 polar bears (IceCv)
  A trapdoor spider zombie (D:12)
  2 ravens (D:13)
  A two-headed ogre (D:10)
  A vampire (D:13)
  9 slime creatures
  9 blink frogs
  A shadow (D:11)
  A basilisk (Lair:4)
  A neqoxec (Orc:4)
  A trapdoor spider (D:15)
  3 deep elf magi
  A wraith (D:12)
  61 yaks
  A steam dragon (D:5)
  6 humans (Lair:6)
  51 nagas
  4 wargs
  22 wolves
  5 hungry ghosts
  11 hippogriffs
  11 vampire mosquitoes
  18 water moccasins
  A soldier ant (D:14)
  2 ogre skeletons
  5 porcupines
  17 orc warriors
  2 tengu skeletons
  9 ogres
  14 ice beasts
  A sky beast (D:13)
  A yellow wasp (D:14)
  2 phantoms
  A boring beetle (Lair:6)
  9 centaurs
  17 crocodiles
  Sigmund (Lair:6)
  3 yaktaur zombies (D:15)
  17 giant frogs
  3 big kobolds (D:13)
  2 brain worms (D:15)
  An earth elemental (Lab)
  A wyvern zombie (D:13)
  A gnoll sergeant (D:8)
  A wyvern skeleton (D:13)
  An eye of draining (D:15)
  5 scorpions
  A cyclops skeleton (D:11)
  4 wights (D:15)
  A troll zombie (D:11)
  26 killer bees (Orc:1)
  6 crimson imps
  5 electric eels
  2 yak skeletons (Orc:4)
  2 goliath beetles
  13 hounds
  3 jellies
  A gnoll shaman (D:5)
  2 centaur skeletons
  16 orc priests
  An elf skeleton (D:10)
  A giant frog skeleton (D:5)
  10 iguanas
  22 orc wizards
  11 worker ants
  13 sheep
  5 ogre zombies
  A mottled dragon zombie (D:13)
  Ijyb (D:7)
  Jessica (D:3)
  2 mummies
  A worker ant zombie (D:11)
  46 gnolls
  20 adders
  49 green rats
  2 worms
  2 giant mites
  2 shadow imps
  An adder zombie (D:7)
  2 oozes
  126 orcs
  A bat skeleton (D:4)
  5 giant cockroaches
  11 goblins
  16 hobgoblins
  8 jackals
  22 kobolds
  13 quokkas
  10 bats
  5 giant geckos
  6 giant newts
  A giant newt zombie (D:5)
  2 giant spores (D:15)
  A goblin zombie (D:11)
  A hobgoblin skeleton (D:6)
  2 hobgoblin zombies (D:11)
  A kobold skeleton (D:4)
  An orc skeleton (D:11)
  14 orc zombies
  7 rats
  6 rat skeletons (Orc:4)
  A rat zombie (D:5)
  4 ballistomycetes (D:15)
  A fungus (Lair:8)
  4 plants
1143 creatures vanquished.

Vanquished Creatures (others)
  2 nagas (Snake:3)
  A mottled dragon (D:15)
  An orc priest (Orc:4)
  An adder (D:12)
  2 orcs (Orc:2)
  4 rat skeletons (Orc:4)
  5 fungi (Lair:8)
  3 plants
19 creatures vanquished.

Grand Total: 1162 creatures vanquished

Notes
Turn   | Place    | Note
--------------------------------------------------------------
     0 | D:1      | JacquesDerrida, the Vine Stalker Wanderer, began the quest for the Orb.
     0 | D:1      | Reached XP level 1. HP: 12/12 MP: 1/1
   212 | D:1      | Reached skill level 1 in Maces & Flails
   236 | D:1      | Reached XP level 2. HP: 17/17 MP: 3/3
   412 | D:2      | Reached XP level 3. HP: 19/21 MP: 4/4
   608 | D:2      | Reached XP level 4. HP: 22/25 MP: 5/5
   676 | D:3      | Found a sparkling altar of Nemelex Xobeh.
   677 | D:3      | Found an opulent altar of Gozag.
   970 | D:3      | Noticed Jessica
   977 | D:3      | Killed Jessica
  1025 | D:3      | Found a glowing silver altar of Zin.
  1026 | D:3      | Found a stormy altar of Qazlal.
  1083 | D:4      | Reached XP level 5. HP: 27/29 MP: 7/7
  1089 | D:4      | Reached skill level 4 in Maces & Flails
  1393 | D:4      | Noticed a giant frog
  1405 | D:4      | Killed a giant frog
  1405 | D:4      | Reached skill level 5 in Maces & Flails
  1405 | D:4      | Gained mutation: You heal very quickly. [vine stalker growth]
  1405 | D:4      | Reached XP level 6. HP: 12/33 MP: 2/8
  1427 | D:5      | Entered Level 5 of the Dungeon
  1502 | D:4      | Noticed an ogre
  1519 | D:4      | Killed an ogre
  1579 | D:4      | Noticed an ogre
  1610 | D:4      | Killed an ogre
  1610 | D:4      | Reached skill level 6 in Maces & Flails
  1692 | D:4      | Reached XP level 7. HP: 34/37 MP: 7/9
  1954 | D:4      | Reached skill level 7 in Maces & Flails
  2119 | D:4      | Noticed an ogre
  2217 | D:4      | Killed an ogre
  2309 | D:4      | Gained mutation: You have razor-sharp teeth. [vine stalker growth]
  2309 | D:4      | Reached XP level 8. HP: 31/42 MP: 8/11
  2539 | D:5      | Noticed a steam dragon
  2629 | D:5      | Killed a steam dragon
  2629 | D:5      | Reached skill level 5 in Fighting
  2775 | D:5      | Found Klosas Momuo's General Store.
  2804 | D:5      | Bought a scroll of magic mapping for 38 gold pieces
  2804 | D:5      | Bought a scroll of identify for 22 gold pieces
  2804 | D:5      | Bought a scroll of random uselessness for 11 gold pieces
  2804 | D:5      | Bought a scroll of remove curse for 33 gold pieces
  3264 | D:6      | Reached XP level 9. HP: 48/48 MP: 12/12
  3287 | D:6      | Found a staircase to the Ecumenical Temple.
  3295 | Temple   | Entered the Ecumenical Temple
  3351 | Temple   | Became a worshipper of Ashenzari the Shackled
  3545 | D:7      | Noticed Ijyb
  3554 | D:7      | Killed Ijyb
  4027 | D:8      | Reached skill level 5 in Dodging
  4075 | D:8      | Reached skill level 8 in Maces & Flails
  4189 | D:8      | Found Qiapham's Gadget Emporium.
  4244 | D:9      | Found Plav's Magic Scroll Emporium.
  4252 | D:9      | Bought a scroll of brand weapon for 240 gold pieces
  4337 | D:9      | Found a staircase to the Lair.
  4442 | D:9      | Reached XP level 10. HP: 20/55 MP: 8/13
  4606 | D:9      | Reached skill level 9 in Maces & Flails
  4822 | Lair:1   | Entered Level 1 of the Lair of Beasts
  4972 | Lair:1   | Noticed an oklob plant
  4977 | Lair:1   | Noticed an oklob plant
  5021 | Lair:1   | Noticed patnam's ghost (experienced NaGl)
  5085 | Lair:1   | Killed patnam's ghost
  5293 | Lair:1   | Reached XP level 11. HP: 40/60 MP: 10/15
  5380 | Lair:1   | Reached skill level 10 in Maces & Flails
  5488 | Lair:2   | Acquired Ashenzari's first power
  5582 | Lair:2   | Found a frozen archway.
  5641 | IceCv    | Entered an ice cave
  5925 | IceCv    | Gained mutation: You have a pair of small horns on your head. [potion of beneficial mutation]
  5993 | IceCv    | Reached skill level 10 in Fighting
  5996 | IceCv    | Noticed an ice statue
  6008 | IceCv    | Gained mutation: You have a pair of horns on your head. [potion of mutation]
  6008 | IceCv    | Gained mutation: You are frail (-10% HP). [potion of mutation]
  6009 | IceCv    | Gained mutation: You regenerate. [potion of mutation]
  6009 | IceCv    | Gained mutation: You can spit poison. [potion of mutation]
  6009 | IceCv    | Gained mutation: Your spells are a little harder to cast, but a little more powerful. [potion of mutation]
  6061 | IceCv    | Killed an ice statue
  6129 | IceCv    | Mutation became permanent: You regenerate. [vine stalker growth]
  6129 | IceCv    | Reached XP level 12. HP: 54/61 MP: 16/16
  6205 | IceCv    | Noticed a frost giant
  6653 | Lair:2   | Reached skill level 11 in Fighting
  6782 | Lair:3   | Found a labyrinth entrance.
  6827 | Lab      | Entered a labyrinth
  7407 | Lab      | Noticed a minotaur
  7420 | Lab      | Killed a minotaur
  7420 | Lab      | Reached skill level 10 in Dodging
  7426 | Lab      | Identified the +3 plate armour "Roompub" {MR+} (You found it in a labyrinth)
  7705 | Lair:3   | Acquired Ashenzari's second power
  7986 | Lair:4   | Reached skill level 12 in Fighting
  8039 | Lair:4   | Noticed Rupert
  8043 | Lair:4   | Paralysed by Rupert for 2 turns
  8184 | Lair:5   | Noticed a death yak
  8185 | Lair:5   | Noticed a death yak
  8205 | Lair:5   | Killed a death yak
  8205 | Lair:5   | Reached XP level 13. HP: 67/67 MP: 17/17
  8216 | Lair:5   | Noticed a seven-headed hydra
  8530 | Lair:5   | Acquired Ashenzari's third power
  8980 | Lair:6   | Found a staircase to the Snake Pit.
  9011 | Lair:6   | Noticed Sigmund
  9032 | Lair:6   | Killed Sigmund
  9532 | Lair:7   | Noticed Fannar
  9548 | Lair:7   | Killed Fannar
  9568 | Lair:8   | Entered Level 8 of the Lair of Beasts
  9568 | Lair:8   | Found a staircase to the Slime Pits.
  9667 | Lair:8   | Reached skill level 13 in Fighting
  9761 | Lair:8   | Reached XP level 14. HP: 73/73 MP: 18/18
  9828 | Lair:8   | Reached skill level 1 in Evocations
 10058 | Lair:8   | Reached skill level 5 in Evocations
 10567 | Lair:8   | Identified a scroll of acquirement
 11068 | D:9      | Bought a scroll of remove curse for 36 gold pieces
 11068 | D:9      | Bought a scroll of enchant weapon for 90 gold pieces
 11068 | D:9      | Bought a scroll of remove curse for 36 gold pieces
 11100 | D:10     | Entered Level 10 of the Dungeon
 11118 | D:10     | Found a portal to a secret trove of treasure.
 11252 | D:10     | Lost mutation: Your spells are a little harder to cast, but a little more powerful. [potion of cure mutation]
 11252 | D:10     | Lost mutation: You are frail (-10% HP). [potion of cure mutation]
 11252 | D:10     | Lost mutation: You can spit poison. [potion of cure mutation]
 11267 | D:10     | Noticed Erica
 11277 | D:10     | Killed Erica
 11322 | D:11     | Noticed Maurice
 11328 | D:11     | Killed Maurice
 11553 | D:11     | Found a staircase to the Orcish Mines.
 11615 | Orc:1    | Entered Level 1 of the Orcish Mines
 11645 | Orc:1    | Found a flagged portal.
 11665 | Bailey   | Entered a bailey
 11703 | Bailey   | Acquired Ashenzari's fourth power
 11792 | Bailey   | Found a burning altar of Makhleb.
 12120 | Orc:2    | Noticed Psyche
 12134 | Orc:2    | Killed Psyche
 12409 | Orc:4    | Entered Level 4 of the Orcish Mines
 12569 | Orc:4    | Found a staircase to the Elven Halls.
 12759 | Orc:4    | Reached XP level 15. HP: 74/87 MP: 23/25
 13011 | Orc:4    | Gained mutation: Your spells are a little easier to cast, but a little less powerful. [a neqoxec]
 13056 | Orc:4    | Found Klant's Antique Weapon Shoppe.
 13074 | Orc:4    | Reached skill level 14 in Fighting
 13075 | Orc:4    | Found Itufiust's Distillery.
 13076 | Orc:4    | Found Minif's Gadget Shoppe.
 13077 | Orc:4    | Found Thust's Armour Shop.
 13090 | Orc:4    | Bought a +0 pair of boots for 63 gold pieces
 13540 | D:11     | Noticed Nessos
 13549 | D:11     | Killed Nessos
 13948 | D:13     | Noticed Urug
 13960 | D:13     | Killed Urug
 13967 | D:13     | Identified a +0 rod of destruction (10/10)
 14248 | D:13     | Noticed Erolcha
 14260 | D:13     | Killed Erolcha
 14296 | D:13     | Found a gate to the Vaults.
 14630 | D:13     | Noticed Josephine
 14642 | D:13     | Killed Josephine
 14923 | D:14     | Noticed a fire giant
 15105 | D:14     | Reached XP level 16. HP: 70/93 MP: 23/26
 15121 | D:14     | Killed a fire giant
 15342 | D:15     | Entered Level 15 of the Dungeon
 15347 | D:15     | Found Steotheo's Magic Scroll Shoppe.
 15353 | D:15     | Bought a scroll of acquirement for 832 gold pieces
 15379 | D:15     | Bought a scroll of teleportation for 48 gold pieces
 15379 | D:15     | Bought a scroll of enchant armour for 120 gold pieces
 15410 | D:15     | Found a staircase to the Depths.
 15454 | D:15     | Reached skill level 15 in Fighting
 15582 | D:15     | Noticed Harold
 15616 | D:15     | Killed Harold
 16496 | Lair:5   | Killed a seven-headed hydra
 16548 | Snake:1  | Entered Level 1 of the Snake Pit
 16757 | Snake:1  | Learned a level 3 spell: Flight
 16847 | Snake:1  | Reached skill level 1 in Charms
 16848 | Snake:1  | Reached skill level 1 in Spellcasting
 17440 | Snake:2  | Noticed Aizul
 17942 | Snake:3  | Reached skill level 5 in Spellcasting
 17942 | Snake:3  | Reached XP level 17. HP: 87/99 MP: 28/30
 17960 | Snake:3  | Reached skill level 5 in Charms
 18304 | Snake:4  | Noticed Vashnia
 18315 | Snake:5  | Entered Level 5 of the Snake Pit
 18565 | Snake:5  | Found a snail-covered altar of Cheibriados.
 19375 | Snake:5  | Shot with an arrow of frost by a naga sharpshooter

Action                   |  1- 3 |  4- 6 |  7- 9 | 10-12 | 13-15 | 16-18 || total
-------------------------+-------+-------+-------+-------+-------+-------++-------
Melee: Dagger            |    89 |    99 |       |       |       |       ||   188
       Flail             |       |    27 |       |       |       |       ||    27
       Whip              |       |     1 |   317 |   708 |   642 |       ||  1668
       Dire flail        |       |       |       |       |  1005 |   954 ||  1959
 Fire: Blowgun           |       |    17 |    50 |       |       |       ||    67
Throw: Tomahawk          |       |     5 |     4 |       |       |       ||     9
       Throwing net      |       |       |       |     4 |     1 |       ||     5
Invok: Scrying           |       |       |       |       |     2 |     2 ||     4
Evoke: Wand              |       |       |     3 |    16 |     8 |    20 ||    47
       Stone of tremors  |       |       |       |       |       |     1 ||     1
  Use: Potion            |     1 |       |       |    11 |     4 |     3 ||    19
       Scroll            |       |       |    16 |    14 |    18 |     9 ||    57
 Stab: Sleeping          |     3 |     4 |    13 |    11 |    28 |    17 ||    76
       Distracted        |       |       |     2 |       |     4 |     4 ||    10
       Paralysed         |       |       |     1 |       |     7 |       ||     8
       Held in net/web   |       |       |       |     3 |     1 |       ||     4
       Invisible         |       |       |       |     9 |       |       ||     9
       Fleeing           |       |       |       |     1 |       |       ||     1
       Confused          |       |       |       |       |       |     2 ||     2
  Eat: Chunk             |       |     2 |     9 |    10 |    24 |    14 ||    59
       Beef jerky        |       |       |       |     2 |       |       ||     2
       Pizza             |       |       |       |     1 |       |       ||     1
